 Dungeon Crawl Stone Soup version 0.23-a0-143-g1adec7b (webtiles) character file.

214 Amnesiac the Twirler (level 5, -18/41 HPs)
             Began as a Mummy Wanderer on Sept 3, 2018.
             Was an Initiate of Okawaru.
             Demolished by an orc warrior
             ... wielding a +0 halberd
              (25 damage)
             ... on level 3 of the Dungeon.
             The game lasted 00:06:30 (3018 turns).

Amnesiac the Twirler (Mummy Wanderer)               Turns: 3018, Time: 00:06:32

Health: -18/41     AC:  4    Str: 17    XL:     5   Next: 59%
Magic:  6/6        EV: 11    Int: 11    God:    Okawaru [......]
Gold:   168        SH:  0    Dex: 11    Spells: 4/4 levels left

rFire    x . .     SeeInvis .   a - +2 quarterstaff
rCold    + . .     Gourm    .   (shield currently unavailable)
rNeg     + + +     Faith    .   b - +0 robe (curse)
rPois    ∞         Spirit   .   (no helmet)
rElec    .         Reflect  .   d - +0 cloak (curse)
rCorr    .         Harm     .   (no gloves)
MR       .....                  g - +0 pair of boots (curse)
Stlth    ++........             (no amulet)
HPRegen  0.13/turn              (no ring)
MPRegen  0.10/turn              (no ring)

@: no status effects
A: no food or potions, fire vulnerability, cold resistance 1, negative energy
resistance 3, torment resistance, unbreathing
a: Renounce Religion


You were on level 3 of the Dungeon.
You worshipped Okawaru.
Okawaru was noncommittal.
You were not hungry.

You visited 1 branch of the dungeon, and saw 4 of its levels.

You collected 168 gold pieces.

Inventory:

Hand Weapons
 a - a +2 quarterstaff (weapon)
Armour
 b - a cursed +0 robe (worn)
 d - a cursed +0 cloak (worn)
 g - a cursed +0 pair of boots (worn)
Scrolls
 c - 3 scrolls of teleportation {!r}
 e - a scroll of noise {!r}
 f - a scroll of immolation {!r}
 h - 2 scrolls of enchant weapon {!r}
 i - a scroll of remove curse {!r}
 k - a scroll of magic mapping {!r}


   Skills:
 + Level 3.1 Fighting
   Level 1.5 Long Blades
 * Level 4.5 Staves
 - Level 1.5 Stealth
   Level 1.5 Evocations


You had 4 spell levels left.
You didn't know any spells.
Your spell library was empty.

Dungeon Overview and Level Annotations

Branches:
Dungeon (4/15)
 Temple: D:4-7

Altars:
Gozag
Okawaru
Uskayaw
Wu Jian
Xom


Innate Abilities, Weirdness & Mutations

You do not eat or drink.
Your flesh is vulnerable to fire.
You are immune to poison.
Your flesh is cold resistant. (rC+)
You are immune to negative energy. (rN+++)
You are immune to unholy pain and torment.
You can survive without breathing.


Message History

a short sword; 2 stones; a kobold corpse
Things that are here:
a short sword; 2 stones; a kobold corpse
There is an open door here.
Things that are here:
a leather armour x2
There is a stone staircase leading down here.
You see here a ration.
You see here a club.
Key pressed, stopping explore.
The orc is too close now for your liking.
An orc is nearby!
The orc throws a stone.
The stone completely misses you.
The orc throws a stone.
The stone hits you.
You see here a stone.
The orc throws a stone.
The stone misses you.
The orc warrior hits you from afar with a halberd.
You see here a stone.
The orc throws a stone.
The stone barely misses you. The orc warrior misses you.
You see here a stone.
You hit the orc warrior.
The orc warrior is lightly wounded.
The orc throws a stone.
The stone hits you.
The orc warrior hits you with a halberd.
* * * LOW HITPOINT WARNING * * *
You hit the orc warrior but do no damage.
The orc warrior is lightly wounded.
The orc throws a stone.
The stone hits you but does no damage. The orc warrior barely misses you.
You hit the orc warrior.
The orc warrior is moderately wounded.
The orc throws a stone.
The stone closely misses you.
The orc warrior hits you but does no damage.
The orc throws a stone.
The stone hits you but does no damage.
You hit the orc warrior but do no damage.
The orc warrior is moderately wounded.
The orc throws a stone.
The stone closely misses you.
The orc warrior hits you with a halberd!
* * * LOW HITPOINT WARNING * * *
You are too injured to fight recklessly!
You are too injured to fight recklessly!
You are too injured to fight recklessly!
You are too injured to fight recklessly!
You are too injured to fight recklessly!
You are too injured to fight recklessly!
You are too injured to fight recklessly!
You are too injured to fight recklessly!
You are too injured to fight recklessly!
You are too injured to fight recklessly!
You are too injured to fight recklessly!
You are too injured to fight recklessly!
You are too injured to fight recklessly!
You are too injured to fight recklessly!
You are too injured to fight recklessly!
You are too injured to fight recklessly!
You are too injured to fight recklessly!
You see here a stone.
The orc throws a stone.
The stone barely misses you.
You see here a stone.
There is a stone staircase leading up here.
The orc warrior hits you from afar with a halberd!!
Ouch! That really hurt!
You die...

... #. ##.######### #.
...#..o..o.# ###. #..#.#####.#
#.#.###o.#.# #.# #.#.#.(..#.# #.#
## #.#.#(#(.#.#####o#####
.#########.#.#o##.#.##........#
.#.........#....@.#...........###
.#.#########(#.####..###.###.....
...### #####(#.# #..# #.# #..##.
##...###..!###.####..###'###..##.
##...##.....##...##....'_###.....
.#...#.......###.##..###'###.....
.'...')......# #.##..# #.# #.####
.#...#.......# #.#...###.###.#
##...##.....## #.#[#.........#


You could see an orc warrior.

Vanquished Creatures
  An orc priest (D:4)
  An orc wizard (D:3)
  6 adders
  3 oozes
  2 worms (D:2)
  2 leopard geckos (D:2)
  4 orcs (D:3)
  5 giant cockroaches
  6 goblins
  8 hobgoblins
  3 jackals (D:1)
  12 kobolds
  3 quokkas (D:3)
  2 ball pythons (D:2)
  11 bats
  5 frilled lizards
  2 rats
76 creatures vanquished.

Notes
Turn   | Place    | Note
-------+----------+-------------------------------------------
     0 | D:1      | Amnesiac the Mummy Wanderer began the quest for the Orb.
     0 | D:1      | Amnesiac set off with: a +2 quarterstaff, a +0 short sword,
                  | a scroll of teleportation {!r}, a +0 robe, a +0 dagger
     0 | D:1      | Reached XP level 1. HP: 15/15 MP: 2/2
   138 | D:1      | Reached XP level 2. HP: 12/21 MP: 3/3
   313 | D:1      | Reached skill level 3 in Staves
   700 | D:2      | Reached XP level 3. HP: 27/27 MP: 4/4
  1423 | D:2      | Reached XP level 4. HP: 24/33 MP: 5/5
  1716 | D:2      | Found a hide-covered altar of Uskayaw.
  1719 | D:2      | Found an ornate altar of the Wu Jian Council.
  1722 | D:2      | Found a shimmering altar of Xom.
  1897 | D:3      | Found an iron altar of Okawaru.
  1915 | D:3      | Became a worshipper of Warmaster Okawaru
  1920 | D:3      | Reached skill level 4 in Staves
  2088 | D:3      | Noticed an orc warrior
  2103 | D:4      | Reached XP level 5. HP: 21/40 MP: 6/6
  2671 | D:3      | Found an opulent altar of Gozag.
  3018 | D:3      | Demolished by an orc warrior

Vault maps used:
D:1:      grunt_arrival_lava_bath
D:2:      grunt_temple_overflow_diamond, first_ration
D:3:      kennysheep_six_static_rooms, kennysheep_vampire_church,
          nicolae_gozag_seed_capital, lemuel_doored_altar, uniq_natasha
D:4:      makhleb_grotto_becter, uniq_robin

Skill      XL: |  1  2  3  4  5 |
---------------+----------------+-----
Staves         | 3 4 |  4.5
Fighting       | 2 3 |  3.1
Long Blades    | |  1.5
Stealth        | |  1.5
Evocations     | |  1.5

Action                   |  1- 3 |  4- 6 || total
-------------------------+-------+-------++-------
Melee: Quarterstaff      |   114 |   101 ||   215
  Use: Scroll            |     4 |     3 ||     7
 Stab: Sleeping          |     2 |     3 ||     5
Armor: Robe              |    40 |    36 ||    76
Dodge: Dodged            |    83 |    73 ||   156

Table legend:
 A = Non-vault XP
 B = Vault XP
 C = Vault XP percentage of total XP
 D = Non-vault monster count
 E = Vault monster count
 F = Vault count percentage of total count
                 A         B        C        D         E       F
            +---------+---------+-------+---------+---------+-------
      Total |     290 |      16 |   5.2 |      70 |       6 |   7.9
            +---------+---------+-------+---------+---------+-------
        D:1 |      39 |       0 |   0.0 |      20 |       0 |   0.0
        D:2 |     102 |       0 |   0.0 |      30 |       0 |   0.0
        D:3 |     103 |      16 |  13.4 |      19 |       6 |  24.0
        D:4 |      46 |       0 |   0.0 |       1 |       0 |   0.0
            +---------+---------+-------+---------+---------+-------
